 Dungeon Crawl Stone Soup version 0.24.0-125-gc4c63601f3 (webtiles) character file.

Game seed: 3890038267769043088, levelgen mode: deterministic

77 LraC the Grave Robber (level 4, -1/31 HPs)
             Began as a Demonspawn Necromancer on Mar 4, 2020.
             Slain by an orc wizard
             ... wielding a +0 dagger
              (5 damage)
             ... on level 3 of the Dungeon.
             The game lasted 00:19:35 (1361 turns).

LraC the Grave Robber (Demonspawn Necromancer)      Turns: 1361, Time: 00:19:35

Health: -1/31      AC:  2    Str:  8    XL:     4   Next: 14%
Magic:  2/8        EV: 18    Int: 18    God:
Gold:   99         SH:  0    Dex: 18    Spells: 3/8 levels left

rFire    . . .     SeeInvis .   f - +0 dagger
rCold    . . .     Gourm    .   (no shield)
rNeg     . . .     Faith    .   (no armour)
rPois    .         Spirit   .   (no helmet)
rElec    .         Reflect  .   (no cloak)
rCorr    .         Harm     .   (no gloves)
MR       .....                  (no boots)
Stlth    ++++......             (no amulet)
HPRegen  0.10/turn              (no ring)
MPRegen  0.11/turn              (no ring)

@: agile
A: molten scales 1, nightstalker 1, powered by pain 1
a: no special abilities


You were on level 3 of the Dungeon.
You were not hungry.

You visited 1 branch of the dungeon, and saw 3 of its levels.

You collected 99 gold pieces.

Inventory:

Hand Weapons
 b - a cursed -2 club
 f - a +0 dagger (weapon)
 g - a +0 short sword
 j - a +0 club
 k - a +0 hunting sling
 l - a +0 dagger
 m - a cursed -3 whip
 o - a cursed +0 club
 q - a +0 dagger
 t - a +0 hunting sling
 u - a +0 arbalest
 w - a +0 dagger
 y - a +0 club
Missiles
 h - 92 stones (quivered)
 s - 13 poisoned darts
Armour
 a - a +1 robe
 e - a +0 chain mail
 n - a +0 robe
 z - a +1 leather armour of fire resistance
Scrolls
 i - a scroll of identify
 r - a scroll of fog
 v - a scroll of remove curse
Potions
 p - a potion of heal wounds
 x - a potion of curing
Comestibles
 c - 3 rations
 d - 2 chunks of flesh


   Skills:
 + Level 0.8 Fighting
 + Level 0.1 Short Blades
 + Level 2.1 Dodging
 + Level 1.8 Stealth
 + Level 2.8 Spellcasting
 + Level 0.4 Charms
 + Level 5.2 Necromancy


You had 3 spell levels left.
You knew the following spells:

 Your Spells              Type           Power        Failure   Level  Hunger
a - Pain                  Necr           ###.         1%          1    None
b - Animate Skeleton      Necr           N/A          1%          1    None
c - Regeneration          Chrm/Necr      ##........   16%         3    ###....

Your spell library contained the following spells:

 Spells                   Type           Power        Failure   Level  Hunger
 Vampiric Draining        Necr           ###.......   6%          3    ###....
 Animate Dead             Necr           N/A          21%         4    ####...


Dungeon Overview and Level Annotations

Branches:
Dungeon (3/15)

Altars:


Innate Abilities, Weirdness & Mutations

You are partially covered in molten scales. (AC +2)
You are slightly more attuned to the shadows.
You sometimes gain a little power by taking damage.


Message History

You don't know that spell.
Casting: Pain (safe; 1% risk of failure)
Confirm with . or Enter, or press ? or * to list all spells.
You can't see any susceptible monsters within range! (Use Z to cast anyway.)
You hit something. Something hits you.
* * * LOW HITPOINT WARNING * * *
What are your orders? t - Shout!
Orders for allies: a - Attack new target. r - Retreat! s - Stop attacking. g - Guard the area. f - Follow me.
Anything else - Cancel.
Gang up on whom?
Press: ? - help, Dir - move target cursor There's nothing there!
Your orc skeleton completely misses something.
You miss something. Something hits you.
* * * LOW HITPOINT WARNING * * *
You barely miss something. Something hits you.
You die...

##.####.# .
......#.# #.#
........# ...#
##...##.###.....
................
###.........###
######........##
..........#..#
####....@........
........####.....#
######.Z##
..##.... #.†.#..##
#... ......#.†..#
### #####.......#
##......# #......#
#.......#


You could see a friendly orc skeleton.

Vanquished Creatures
  An adder (D:2)
  2 oozes
  3 leopard geckos
  2 orcs (D:3)
  2 bats
  A giant cockroach (D:2)
  4 goblins
  5 hobgoblins
  6 jackals (D:1)
  3 kobolds (D:1)
  A quokka (D:2)
  3 frilled lizards (D:1)
  A rat (D:1)
34 creatures vanquished.

Vanquished Creatures (collateral kills)
  2 adders (D:2)
  2 leopard geckos
  A giant cockroach (D:2)
  2 goblins (D:2)
  A hobgoblin (D:1)
  A jackal (D:1)
  A bat (D:2)
10 creatures vanquished.

Grand Total: 44 creatures vanquished

Notes
Turn   | Place    | Note
-------+----------+-------------------------------------------
     0 | D:1      | LraC the Demonspawn Necromancer began the quest for the
                  | Orb.
     0 | D:1      | Reached XP level 1. HP: 13/13 MP: 3/3
     2 | D:1      | Learned a level 1 spell: Animate Skeleton
   181 | D:1      | Gained mutation: You sometimes gain a little power by
                  | taking damage. [demonic ancestry]
   181 | D:1      | Reached XP level 2. HP: 6/19 MP: 1/5
   669 | D:1      | Reached skill level 5 in Necromancy
   677 | D:1      | Gained mutation: You are partially covered in molten
                  | scales. (AC +2) [demonic ancestry]
   677 | D:1      | Reached XP level 3. HP: 4/24 MP: 0/6
   739 | D:1      | Learned a level 3 spell: Regeneration
  1323 | D:3      | Gained mutation: You are slightly more attuned to the
                  | shadows. [demonic ancestry]
  1323 | D:3      | Reached XP level 4. HP: 29/31 MP: 4/8
  1361 | D:3      | Slain by an orc wizard

Levels and vault maps discovered:
D:1:      shiori_shiawase, layout_basic, dk_noncrumbling_4, minmay_cut_off
D:2:      layout_rooms
D:3:      layout_rooms, portal_sewer_entry_b, chequers_ecumenical_altar_simple,
          bloody_trog

Skill      XL: |  1  2 |
---------------+-------+-----
Dodging        | 2 |  2.1
Necromancy     | 5 |  5.2
Fighting       | |  0.8
Short Blades   | |  0.1
Stealth        | |  1.8
Spellcasting   | |  2.8
Charms         | |  0.4

Action                   |  1- 3 |  4- 6 || total
-------------------------+-------+-------++-------
Melee: Unarmed           |    13 |       ||    13
       Dagger            |    46 |     6 ||    52
 Cast: Pain              |    46 |     6 ||    52
       Animate Skeleton  |    19 |     1 ||    20
       Regeneration      |     2 |       ||     2
  Use: Potion            |     6 |       ||     6
       Scroll            |     5 |       ||     5
  Eat: Chunk             |     2 |       ||     2
Armor: Robe              |    13 |     5 ||    18
Dodge: Dodged            |    65 |    19 ||    84
